 Dungeon Crawl Stone Soup version 0.19.0-2-gae57169 (webtiles) character file.

347 Drunkenshrew the Skirmisher (level 6, -2/49 HPs)
             Began as a Merfolk Fighter on Nov 6, 2016.
             Slain by Edmund
             ... wielding a +1 dire flail of protection
              (6 damage)
             ... on level 4 of the Dungeon.
             The game lasted 00:06:29 (2168 turns).

Drunkenshrew the Skirmisher (Merfolk Fighter)       Turns: 2168, Time: 00:06:29

Health: -2/49      AC:  7    Str: 16    XL:     6   Next: 59%
Magic:  6/6        EV: 11    Int:  8    God:
Gold:   106        SH:  0    Dex: 15    Spells: 0 memorised, 5 levels left

rFire  . . .     SeeInvis .     w - +0 scythe
rCold  . . .     Gourm    .     b - +0 scale mail
rNeg   + . .     Faith    .     (shield currently unavailable)
rPois  .         Spirit   .     (no helmet)
rElec  .         Reflect  .     (no cloak)
rCorr  .         Harm     .     (no gloves)
MR     +....                    r - +0 pair of boots
Stlth  ..........               (no amulet)
                                u - ring of positive energy
                                l - ring of protection from magic

@: lethally poisoned (-2 -> -3)
A: change form in water, swift swim, stealthy swim
a: no special abilities


You were on level 4 of the Dungeon.
You were hungry.

You visited 1 branch of the dungeon, and saw 4 of its levels.

You collected 106 gold pieces.

Inventory:

Hand Weapons
 a - a +0 long sword
 w - a +0 scythe (weapon)
Armour
 b - a +0 scale mail (worn)
 c - a +0 shield
 e - a +0 chain mail
 r - a +0 pair of boots (worn)
Jewellery
 l - a ring of protection from magic (left hand)
 u - a ring of positive energy (right hand)
Wands
 k - a wand of iceblast (5/15)
Scrolls
 d - 2 scrolls of teleportation {unknown}
 j - 2 scrolls of enchant armour {unknown}
 m - a scroll of amnesia {unknown}
 n - a scroll of remove curse {unknown}
 o - a scroll of recharging {unknown}
 q - 3 scrolls of identify {unknown}
 v - a scroll of fog {unknown}
Potions
 p - a potion of degeneration {unknown}
 s - 2 potions of ambrosia {unknown}
 t - a potion of heal wounds {unknown}
 z - a potion of brilliance {unknown}
Comestibles
 f - 3 bread rations
 g - 2 meat rations
 h - a beef jerky
 x - 2 chunks of flesh


   Skills:
 - Level 4.3 Fighting
 - Level 3.8 Long Blades
 + Level 4.0 Polearms
 - Level 2.4 Armour
 - Level 3.0 Dodging
 - Level 4.2 Shields


You had 5 spell levels left.
You didn't know any spells.

Dungeon Overview and Level Annotations

Branches:
Dungeon (4/15)
 Temple: D:4-7

Altars:
Vehumet

Annotations:
D:4 Edmund


Message History

Edmund the Younger comes into view.
He is wielding a dire flail of protection.
Edmund shouts!
You barely miss the worker ant.
You feel sick. The worker ant bites you. The worker ant closely misses you.
You slash the worker ant!
You kill the worker ant!
Your Polearms skill increases to level 4!
You are feeling hungry.
You feel sick.
You hit Edmund but do no damage.
Edmund hits you with a dire flail of protection!
* * * LOW HITPOINT WARNING * * *
Edmund hits you with a dire flail of protection.
* * * LOW HITPOINT WARNING * * *
You are too injured to fight recklessly!
You are too injured to fight recklessly!
You are too injured to fight recklessly!
It was a potion of cure mutation.
It has a very clean taste.
Edmund hits you with a dire flail of protection.
You die...

.........# ....####.####
.....<......#######
................... #
.....#.#..#..##### .##
..............#####...##
#...................#...
....#.....(...##.##...#
#.###.....##...†@..# #
.. ..###..####..@..# ..
#.............. .#
#..####.....#### #.....#
###.### #.# #.#


You could see Edmund.

Vanquished Creatures
  Sigmund (D:3)
  A jelly (D:3)
  Ijyb (D:3)
  A worker ant (D:4)
  4 adders
  3 worms
  2 dart slugs (D:2)
  2 leopard geckos (D:3)
  2 orcs (D:3)
  A ball python (D:1)
  5 giant cockroaches
  7 goblins
  6 hobgoblins
  3 jackals (D:3)
  8 kobolds
  2 quokkas (D:3)
  6 bats
  3 frilled lizards
  4 rats
62 creatures vanquished.

Notes
Turn   | Place    | Note
-------+----------+-------------------------------------------
     0 | D:1      | Drunkenshrew the Merfolk Fighter began the quest for the Orb.
     0 | D:1      | Reached XP level 1. HP: 18/18 MP: 1/1
   109 | D:1      | Reached XP level 2. HP: 18/24 MP: 2/2
   528 | D:1      | Reached XP level 3. HP: 27/29 MP: 3/3
   739 | D:2      | Found a radiant altar of Vehumet.
   979 | D:2      | Reached skill level 1 in Dodging
  1047 | D:3      | Noticed Sigmund
  1058 | D:3      | Reached XP level 4. HP: 11/37 MP: 4/4
  1064 | D:3      | Killed Sigmund
  1064 | D:3      | Reached XP level 5. HP: 9/42 MP: 5/5
  1366 | D:3      | Reached XP level 6. HP: 11/49 MP: 6/6
  1805 | D:3      | Noticed Ijyb
  1812 | D:3      | Killed Ijyb
  2163 | D:4      | Noticed Edmund
  2168 | D:4      | Slain by Edmund

Skill      XL: |  1  2  3  4  5  6 |
---------------+-------------------+-----
Dodging        | 1 2 3 |  3.0
Fighting       | 4 |  4.3
Long Blades    | 3 |  3.8
Shields        | 4 |  4.2
Polearms       | 4 |  4.0
Armour         | |  2.4

Action                   |  1- 3 |  4- 6 || total
-------------------------+-------+-------++-------
Melee: Long sword        |   113 |    26 ||   139
       Scythe            |       |    55 ||    55
  Use: Potion            |     1 |     1 ||     2
  Eat: Chunk             |     1 |     3 ||     4
Armor: Scale mail        |    65 |    32 ||    97
Dodge: Dodged            |    24 |    50 ||    74
Block: Shield            |    76 |    16 ||    92
       Rpst.: Long sword |    11 |     3 ||    14
